 Dungeon Crawl Stone Soup version 0.29.1-15-g9cfb28693d (webtiles) character file.

Game seed: 4936890281956619277

138 Peloso the Covered (level 5, 0/47 HPs)
             Began as a Minotaur Fighter on Feb 21, 2023.
             Slain by an orc
             ... wielding a +0 club
              (2 damage)
             ... on level 3 of the Dungeon.
             The game lasted 00:03:29 (1917 turns).

Peloso the Covered (Minotaur Fighter)               Turns: 1917, Time: 00:03:31

Health: 0/47       AC:  7    Str: 21    XL:     5   Next: 1%
Magic:  4/4        EV:  9    Int:  5    God:
Gold:   106        SH:  4    Dex: 11    Spells: 4/4 levels left

rFire   . . .      SeeInvis .   a - +4 falchion
rCold   . . .      Faith    .   d - +0 buckler
rNeg    . . .      Spirit   .   b - +0 scale mail
rPois   .          Reflect  .   (helmet restricted)
rElec   .          Harm     .   (no cloak)
rCorr   .          Rampage  .   (no gloves)
Will    .....                   (no boots)
Stlth   ..........              (no amulet)
HPRegen 0.15/turn               (no ring)
MPRegen 0.09/turn               (no ring)

@: no status effects
A: horns 2, retaliatory headbutt
a: no special abilities


You were on level 3 of the Dungeon.
You visited 1 branch of the dungeon, and saw 3 of its levels.

You collected 106 gold pieces.

Inventory:

Hand Weapons
 a - a +4 falchion (weapon)
 c - a +0 long sword
Armour
 b - a +0 scale mail (worn)
 d - a +0 buckler (worn)
Scrolls
 f - a scroll of enchant weapon {unknown}
 g - 5 scrolls of teleportation {unknown}
 h - a scroll of fear {unknown}
Potions
 e - a potion of might
 i - a potion of curing


   Skills:
 + Level 4.3 Fighting
 + Level 3.8 Long Blades
 + Level 5.0 Armour
 + Level 0.5 Dodging
 + Level 4.2 Shields


You had 4 spell levels left.
You didn't know any spells.
Your spell library contained the following spells:

 Spells                   Type           Power      Damage    Failure   Level
 Call Canine Familiar     Summ           0%         N/A       99%         3
 Portal Projectile        Hex/Tloc       0%         N/A       99%         3
 Leda's Liquefaction      Hex/Erth       0%         N/A       100%        4


Dungeon Overview and Level Annotations

Branches:
Dungeon (3/15)

Altars:
Kikubaaqudgha
Zin


Innate Abilities, Weirdness & Mutations

You have a pair of horns on your head.
You reflexively headbutt those who attack you in melee.


Message History

You miss the ufetubus. You headbutt the ufetubus.
You kill the ufetubus!
Found a stone staircase leading down.
An orc and an orc priest come into view.
The orc shouts!
The orc priest shouts!
You hear a shout! x2
An orc comes into view. It is wielding a +0 club.
There are monsters nearby!
There are monsters nearby!
The orc priest looks braver for a moment.
An orc comes into view. It is wielding a +0 club.
You barely miss the orc priest.
The orc priest calls down the wrath of Beogh upon you.
Beogh smites you!
You barely miss the orc priest. The orc barely misses you.
You hit the orc.
The orc is moderately wounded.
The orc priest hits you with a +0 club. The orc closely misses you.
You block the orc's attack.
You slash the orc!
You kill the orc!
The orc priest hits you with a +0 club. The orc barely misses you.
You have reached level 5!
You closely miss the orc priest.
The orc priest calls down the wrath of Beogh upon you.
Beogh smites you! The orc hits you but does no damage.
The orc barely misses you.
Unknown command.
You hit the orc priest.
The orc priest is moderately wounded.
The orc priest closely misses you. You block the orc's attack.
The orc hits you with a +0 hand axe. The orc hits you but does no damage.
The orc priest hits you but does no damage.
The orc hits you but does no damage.
You closely miss the orc priest. You headbutt the orc priest.
The orc priest is severely wounded.
The orc priest invokes the aid of Beogh against you.
Beogh smites you!
* * * LOW HITPOINT WARNING * * *
The orc hits you with a +0 club.
You die...

#.# # #.# # ## #.# #
.. #.# # #. #.# #
###.. #.# # ....####
#.### # #.oo.# #...# #
#.o@.## ###.# #
#..#..### ###.#####
#..#....####........
#...................
.....#######.........#
###.. #.....#.#.# #..
####..#.#.# #..
##.#.#.# . #.#....


You could see an orc priest and 2 orcs.

Vanquished Creatures
  2 orc wizards (D:2)
  2 adders
  An ufetubus (D:3)
  3 worms
  2 dart slugs
  3 orcs
  A bat (D:1)
  5 endoplasms
  2 giant cockroaches (D:1)
  7 hobgoblins
  3 kobolds
  3 quokkas
  4 ball pythons
  5 goblins (D:2)
  6 rats
49 creatures vanquished.

Notes
Turn   | Place    | Note
-------+----------+-------------------------------------------
     0 | D:1      | Peloso the Minotaur Fighter began the quest for the Orb.
     0 | D:1      | Reached XP level 1. HP: 19/19 MP: 0/0
   158 | D:1      | Reached XP level 2. HP: 18/27 MP: 1/1
   753 | D:2      | Reached XP level 3. HP: 33/33 MP: 2/2
   843 | D:2      | Reached skill level 4 in Armour
   879 | D:2      | Reached XP level 4. HP: 25/40 MP: 3/3
  1610 | D:3      | Found a faded altar of an unknown god.
  1769 | D:3      | Found a glowing silver altar of Zin.
  1769 | D:3      | Found an ancient bone altar of Kikubaaqudgha.
  1844 | D:3      | Reached skill level 5 in Armour
  1915 | D:3      | Reached XP level 5. HP: 27/47 MP: 4/4
  1917 | D:3      | HP: 2/47 [orc priest/divine providence (13)]
  1917 | D:3      | Slain by an orc

Illustrated notes

Levels and vault maps discovered:
D:1:      dpeg_arrival_round_a, layout_rooms
D:2:      layout_loops_cross
D:3:      layout_basic, mainiacjoe_overflow_divided_tiny,
          ebering_ecumenical_altar_rust

Skill      XL: |  1  2  3  4 |
---------------+-------------+-----
Shields        | 4 |  4.2
Fighting       | 4 |  4.3
Long Blades    | 3 |  3.8
Armour         | 4 5 |  5.0
Dodging        | |  0.5

Action                   |  1- 3 |  4- 6 || total
-------------------------+-------+-------++-------
Melee: Long sword        |    78 |    25 ||   103
       Headbutt          |     6 |    10 ||    16
       Falchion          |       |    24 ||    24
  Use: Potion            |     3 |       ||     3
       Scroll            |     2 |     3 ||     5
Armor: Scale mail        |    41 |    23 ||    64
Dodge: Dodged            |    26 |    27 ||    53
Block: Buckler           |    17 |    13 ||    30
